 Dungeon Crawl Stone Soup version 0.29-a0-397-g846e4a0bbc (webtiles) character file.

Game seed: 3499026028286082418

289 happo123 the Digger (level 6, -4/33 HPs)
             Began as a Gargoyle Earth Elementalist on May 12, 2022.
             Slain by a gnoll shaman
             ... wielding a +0 whip
              (5 damage)
             ... on level 4 of the Dungeon.
             The game lasted 00:17:28 (2610 turns).

happo123 the Digger (Gargoyle Earth Elementalist)   Turns: 2610, Time: 00:17:29

Health: -4/33      AC: 13    Str: 12    XL:     6   Next: 31%
Magic:  6/10       EV: 10    Int: 17    God:
Gold:   186        SH:  0    Dex: 10    Spells: 7/11 levels left

rFire   . . .      SeeInvis .   s - staff of air
rCold   . . .      Faith    .   (no shield)
rNeg    + . .      Spirit   .   h - +0 ring mail
rPois   ∞          Reflect  .   (no helmet)
rElec   +          Harm     .   (no cloak)
rCorr   .          Rampage  .   (no gloves)
Will    .....                   (no boots)
Stlth   +.........              (no amulet)
HPRegen 0.11/turn               o - +4 ring of protection
MPRegen 0.12/turn               (no ring)

@: no status effects
A: sickness immunity, AC +4, negative energy resistance 1, electricity
resistance, torment resistance 1, petrification resistance
a: no special abilities


You were on level 4 of the Dungeon.
You visited 1 branch of the dungeon, and saw 4 of its levels.

You collected 186 gold pieces.

Inventory:

Hand Weapons
 n - a +0 club
Missiles
 a - 2 stones
Armour
 b - a +0 robe
 h - a +0 ring mail (worn)
Magical Staves
 s - a staff of air (weapon)
Jewellery
 o - a +4 ring of protection (left hand)
 t - a ring of ice
Scrolls
 d - a scroll of noise {unknown}
 e - 2 scrolls of vulnerability {unknown}
 f - a scroll of teleportation {unknown}
 g - a scroll of immolation {unknown}
 l - a scroll of acquirement {unknown}
 p - 5 scrolls of identify {unknown}
 q - a scroll of amnesia {unknown}
 u - a scroll of blinking {unknown}
Potions
 c - 2 potions of magic
 i - 3 potions of haste {unknown}
 j - a potion of resistance {unknown}
 k - 2 potions of mutation {unknown}
 m - 3 potions of attraction {unknown}
 r - 4 potions of curing {unknown}
 v - a potion of flight {unknown}


   Skills:
 + Level 0.7 Fighting
 + Level 1.5(2.0) Maces & Flails
 + Level 1.6(2.0) Staves
 + Level 2.1 Armour
 + Level 2.4 Dodging
 + Level 2.6 Stealth
 + Level 1.5 Unarmed Combat
 + Level 3.0 Spellcasting
 + Level 0.7 Transmutations
 + Level 4.8 Earth Magic


You had 7 spell levels left.
You knew the following spells:

 Your Spells              Type           Power      Damage    Failure   Level
a - Sandblast             Erth           36%        2d10      5%          1
b - Stone Arrow           Conj/Erth      20%        3d8       41%         3

Your spell library contained the following spells:

 Spells                   Type           Power      Damage    Failure   Level
 Passwall                 Tmut/Erth      10%        N/A       19%         2
 Petrify                  Tmut/Erth      12%        N/A       77%         4
 Olgreb's Toxic Radiance  Pois           2%         N/A       98%         4
 Ozocubu's Refrigeration  Ice            1%         4d5       100%        7
 Ignition                 Fire           1%         3d3       100%        8


Dungeon Overview and Level Annotations

Branches:
Dungeon (4/15)
 Temple: D:4-7

Altars:
Makhleb
Trog
The Shining One

Shops:
D:1 (


Innate Abilities, Weirdness & Mutations

You are immune to sickness and miasma.
Your stone body is resilient. (AC +4)
You are immune to poison.
You resist negative energy. (rN+)
You are resistant to electric shocks. (rElec)
You are resistant to unholy torment.
You are immune to petrification.


Message History

Aim: a gnoll shaman, wielding a +0 whip and wearing a +0 leather armour (moderately wounded, 82% to hit)
The blast of sand hits the gnoll shaman but does no damage.
The gnoll shaman is moderately wounded.
The gnoll shaman closely misses you.
Aiming: Sandblast (safe; 5% risk of failure)
Press: ? - help, Q - select action, (/) - cycle Shift-Dir - straight line, f/p - gnoll shaman
Aim: a gnoll shaman, wielding a +0 whip and wearing a +0 leather armour (moderately wounded, 82% to hit)
You miscast Sandblast.
You are very lightly contaminated with residual magic.
Nothing appears to happen.
The gnoll shaman hits you with a +0 whip!
* * * LOW HITPOINT WARNING * * *
Aiming: Sandblast (safe; 5% risk of failure)
Press: ? - help, Q - select action, (/) - cycle Shift-Dir - straight line, f/p - gnoll shaman
Aim: a gnoll shaman, wielding a +0 whip and wearing a +0 leather armour (moderately wounded, 82% to hit)
The blast of sand misses the gnoll shaman.
The gnoll shaman barely misses you.
Aiming: Sandblast (safe; 5% risk of failure)
Press: ? - help, Q - select action, (/) - cycle Shift-Dir - straight line, f/p - gnoll shaman
Aim: a gnoll shaman, wielding a +0 whip and wearing a +0 leather armour (moderately wounded, 82% to hit)
The blast of sand hits the gnoll shaman but does no damage.
The gnoll shaman is moderately wounded.
The gnoll shaman closely misses you.
You hit the gnoll shaman.
The gnoll shaman is moderately wounded.
The gnoll shaman hits you but does no damage.
You hit the gnoll shaman but do no damage.
The gnoll shaman is moderately wounded.
The gnoll shaman barely misses you. The gnoll shaman closely misses you.
You closely miss the gnoll shaman. You punch the gnoll shaman.
The gnoll shaman is heavily wounded.
The gnoll shaman hits you but does no damage.
You barely miss the gnoll shaman.
The gnoll shaman is heavily wounded.
The gnoll shaman barely misses you.
Your magical contamination has completely faded away.
You hit the gnoll shaman.
The gnoll shaman is heavily wounded.
The gnoll shaman hits you with a +0 whip.
You die...

. .......+. .
#..##.#.# ####
.####..##.#.###+##...#
....................#
....................#
....................#
.......(............#
.........[.....g@...#
....................#
.#..#..##...###+##.##
###########.# ## #)..
#....< #..... #.....


You could see a gnoll shaman.

Vanquished Creatures
  A black bear (D:2)
  A howler monkey (D:3)
  4 gnolls (D:3)
  6 adders
  An orc (D:3)
  6 endoplasms
  5 giant cockroaches
  2 goblins (D:1)
  7 hobgoblins
  8 jackals
  2 kobolds (D:2)
  3 quokkas
  4 ball pythons (D:1)
  7 bats
  4 frilled lizards
  5 rats
66 creatures vanquished.

Vanquished Creatures (others)
  10 plants (D:2)
10 creatures vanquished.

Grand Total: 76 creatures vanquished

Notes
Turn   | Place    | Note
-------+----------+-------------------------------------------
     0 | D:1      | happo123 the Gargoyle Earth Elementalist began the quest
                  | for the Orb.
     0 | D:1      | Reached XP level 1. HP: 10/10 MP: 3/3
   113 | D:1      | Reached XP level 2. HP: 14/15 MP: 1/5
   186 | D:1      | Found Bolisisi's Antique Weapon Emporium.
   246 | D:1      | Reached skill level 4 in Earth Magic
   482 | D:1      | Reached XP level 3. HP: 19/19 MP: 4/6
   712 | D:2      | Reached skill level 1 in Unarmed Combat
   964 | D:2      | Learned a level 3 spell: Stone Arrow
  1157 | D:2      | Reached XP level 4. HP: 23/24 MP: 5/7
  1315 | D:2      | Noticed a black bear
  1325 | D:2      | Killed a black bear
  1326 | D:2      | Reached skill level 1 in Maces & Flails
  1326 | D:2      | Reached skill level 1 in Armour
  1326 | D:2      | Reached XP level 5. HP: 28/28 MP: 2/9
  1649 | D:3      | Found a glowing golden altar of the Shining One.
  1929 | D:3      | Found a bloodstained altar of Trog.
  1971 | D:3      | Found a burning altar of Makhleb.
  2167 | D:3      | Reached skill level 1 in Staves
  2167 | D:3      | Reached XP level 6. HP: 22/33 MP: 6/10
  2603 | D:4      | HP: 1/33 [gnoll shaman/+0 whip (10)]
  2610 | D:4      | Slain by a gnoll shaman

Illustrated notes

Levels and vault maps discovered:
D:1:      onia_arrival_handbag, layout_rooms, serial_glass, glass_columns_c,
          glass_columns_a, serial_shops, nicolae_shop_window_shopping,
          amcnicky_mini_rare_corridor_liquid
D:2:      layout_loops_ring, serial_bayou_ford_a, minmay_split_cup_large
D:3:      layout_loops_cross, mainiacjoe_overflow_two_lobes,
          mainiacjoe_overflow_alcove_1
D:4:      layout_gridville, overflow_temple_1_default, xom_confusion_cloud,
          minmay_manual_mess

Skill      XL: |  1  2  3  4  5  6 |
---------------+-------------------+-----
Earth Magic    | 4 |  4.8
Unarmed Combat | 1 |  1.5
Dodging        | 2 |  2.4
Maces & Flails | 1 |  1.5
Armour         | 1 2 |  2.1
Staves         | 1 |  1.6
Spellcasting   | 3 |  3.0
Fighting       | |  0.7
Stealth        | |  2.6
Transmutations | |  0.7

Action                   |  1- 3 |  4- 6 || total
-------------------------+-------+-------++-------
Melee: Unarmed           |    85 |       ||    85
       Punch             |     1 |     3 ||     4
       Club              |    49 |    16 ||    65
       Staff             |       |   187 ||   187
 Cast: Sandblast         |    27 |    21 ||    48
 Stab: Sleeping          |     1 |       ||     1
Armor: Robe              |    19 |       ||    19
       Ring mail         |    66 |   151 ||   217
Dodge: Dodged            |   126 |   129 ||   255

Table legend: (Time is in decaauts)
 A = Elapsed time spent in this place.
 B = Non-inter-level travel time spent in this place.
 C = Inter-level travel time spent in this place.
 D = Time resting spent in this place.
 E = Time spent auto-exploring this place.
 F = Levels seen in this place.
 G = Mean time per level.
                   A        B        C        D        E       F      G
               +--------+--------+--------+--------+--------+-----+--------+
         Total |   2660 |   2137 |    523 |      0 |   1361 |   4 |  665.0 |
       Dungeon |   2660 |   2137 |    523 |      0 |   1361 |   4 |  665.0 |
               +--------+--------+--------+--------+--------+-----+--------+

Top non-repeatable levels by time:
     D:2: 1027 daAuts
     D:3: 931 daAuts
     D:1: 645 daAuts
     D:4: 56 daAuts
